 Dungeon Crawl Stone Soup version 0.16.1-16-gc44b35d (webtiles) character file.

18 Siriah the Cudgeler (level 2, -3/33 HPs)
             Began as an Ogre Chaos Knight on Apr 16, 2015.
             Slain by Terence
             ... wielding a +0 flail
              (8 damage)
             ... on level 2 of the Dungeon.
             The game lasted 00:03:53 (720 turns).

Siriah the Cudgeler (Ogre Chaos Knight)              Turns: 720, Time: 00:03:53

Health: -3/33      AC:  7    Str: 16    XL:     2   Next: 66%
Magic:  2/2        EV: 10    Int: 11    God:    Xom [*.....]
Gold:   75         SH:  0    Dex:  9    Spells: 0 memorised, 1 level left

rFire  . . .     SeeInvis .     a - +0 mace (chaos)
rCold  . . .     Rnd*Rage +     b - +2 robe
rNeg   . . .     SustAb   .     (shield restricted)
rPois  .         Gourm    .     (helmet restricted)
rElec  .         Spirit   .     (no cloak)
rCorr  .         Warding  .     (gloves unavailable)
rMut   .         Stasis   .     (boots unavailable)
MR     .....                    (no amulet)
Stlth  +.........               (no ring)
                                (no ring)

@: not resistant to hostile enchantments, very unstealthy
A: unfitting armour, thin metallic scales 1, berserk 1, tough skin 1, wild magic
1
a: Renounce Religion


You were on level 2 of the Dungeon.
You worshipped Xom.
You were a special plaything of Xom.
You were not hungry.

You visited 1 branch of the dungeon, and saw 2 of its levels.

You collected 75 gold pieces.

Inventory:

Hand weapons
 a - a +0 mace of chaos (weapon)
Missiles
 f - 26 poisoned needles
 l - 11 stones (quivered)
Armour
 b - a +2 robe (worn)
Scrolls
 e - a scroll of fear {unknown}
 g - a scroll of immolation {unknown}
 j - 2 scrolls of identify {unknown}
Potions
 i - a potion of heal wounds {unknown}
 k - a potion of resistance {unknown}
Comestibles
 c - a meat ration
 d - 7 chunks of flesh


   Skills:
 + Level 4.5 Fighting
 + Level 4.5 Maces & Flails
 + Level 0.7 Armour
 + Level 2.0 Dodging


You had one spell level left.
You didn't know any spells.

Dungeon Overview and Level Annotations

Branches:
Dungeon (2/15)

Altars:

Annotations:
D:2 Terence


Innate Abilities, Weirdness & Mutations

You are too large for most types of armour.
You have tough skin (AC +1).
You are partially covered in thin metallic scales (AC +2).
You tend to lose your temper in combat.
Your spells are a little harder to cast, but a little more powerful.


Message History

Terence hits you with a flail.
Drink which item? (? for menu, Esc to quit)
It was a potion of mutation.
You feel extremely strange.
You feel a little pissed off.
You feel less in control of your magic.
Thin metallic scales grow over part of your body.
Xom roars with laughter!
Terence barely misses you.
You hit Terence but do no damage.
Terence flickers and vanishes!
Deactivating autopickup; reactivate with Ctrl-A.
Something hits you!
You hit something. You burn something. Something hits you.
You hit something but do no damage.
Your feet feel warm.
Something hits you!
* * * LOW HITPOINT WARNING * * *
Things that are here:
a club; a hobgoblin skeleton
There is an open door here.
You see here a long sword.
There is a stone staircase leading up here.
Something hits you!
You die...

. #.# # #. #.#.#
##.###.#(#####
.........((....
#...#.K#.# #########
#......#.# #.......#
#...##.#.# #.......#
#......#.###.......#
#.#..###.#.')...@..#
#......#.#.#.......#
####...#.#.#########
#......#)..#
#.##.....#......#
#.###....+......+
#........#......#
####..##.#......#
#(....#......


There were no monsters in sight!

Vanquished Creatures
  5 bats
  A giant cockroach (D:1)
  2 goblins (D:1)
  4 hobgoblins
  2 giant newts (D:1)
  A kobold (D:1)
  2 rats
17 creatures vanquished.

Notes
Turn   | Place    | Note
--------------------------------------------------------------
     0 | D:1      | Siriah, the Ogre Chaos Knight, began the quest for the Orb.
     0 | D:1      | Reached XP level 1. HP: 24/24 MP: 1/1
     2 | D:1      | Noticed a demigod
     2 | D:1      | Noticed a demonspawn
     4 | D:1      | Noticed a troll
     6 | D:1      | Noticed a draconian
     6 | D:1      | Noticed an elf
     8 | D:1      | Noticed a vampire
     8 | D:1      | Noticed a gargoyle
    10 | D:1      | Noticed a merfolk
    10 | D:1      | Noticed a naga
    12 | D:1      | Noticed a tengu
    12 | D:1      | Noticed a felid
    14 | D:1      | Noticed a spriggan
    14 | D:1      | Noticed a minotaur
    16 | D:1      | Noticed a dwarf
    18 | D:1      | Noticed a vine stalker
    20 | D:1      | Noticed an octopode
    22 | D:1      | Noticed a centaur
    22 | D:1      | Noticed an ogre
    24 | D:1      | Noticed a human
    24 | D:1      | Noticed a ghoul
    26 | D:1      | Noticed a formicid
   182 | D:1      | XOM: confuse monster(s)
   244 | D:1      | Reached XP level 2. HP: 28/32 MP: 2/2
   260 | D:1      | XOM: chaos cloud
   597 | D:1      | XOM: colour smoke trail
   694 | D:2      | Noticed Terence
   698 | D:2      | Gained mutation: You tend to lose your temper in combat. [potion of mutation]
   698 | D:2      | Gained mutation: Your spells are a little harder to cast, but a little more powerful. [potion of mutation]
   698 | D:2      | Gained mutation: You are partially covered in thin metallic scales (AC +2). [potion of mutation]
   720 | D:2      | Slain by Terence

Action                   || total
-------------------------++-------
Melee: Mace              ||    44
Throw: Stone             ||     3
  Use: Potion            ||     1
 Stab: Confused          ||     1
       Paralysed         ||     1
